 Dungeon Crawl Stone Soup version 0.29-a0-234-g0dae59b3db (webtiles) character file.

Game seed: 5659021502768257141

767 Gargoyl the Skirmisher (level 7, -3/44 HPs)
             Began as a Gargoyle Abyssal Knight on Mar 2, 2022.
             Was a Believer of Lugonu.
             Splashed by a jelly's acid (9 damage)
             ... on level 5 of the Dungeon.
             The game lasted 00:06:12 (6359 turns).

Gargoyl the Skirmisher (Gargoyle Abyssal Knight)    Turns: 6359, Time: 00:06:13

Health: -3/44      AC:  2    Str: 18    XL:     7   Next: 82%
Magic:  8/8        EV:  7    Int: 11    God:    Lugonu [**....]
Gold:   257        SH:  0    Dex: 10    Spells: 6/6 levels left

rFire   . . .      SeeInvis .   g - +2 rapier (venom)
rCold   . . .      Faith    .   (no shield)
rNeg    + . .      Spirit   .   m - +0 chain mail
rPois   ∞          Reflect  .   (no helmet)
rElec   +          Harm     .   (no cloak)
rCorr   .          Rampage  .   (no gloves)
Will    .....                   (no boots)
Stlth   ..........              h - amulet of the acrobat
HPRegen 0.14/turn               b - ring of flight
MPRegen 0.11/turn               (no ring)

@: corroded, flying
A: sickness immunity, AC +4, negative energy resistance 1, electricity
resistance, torment resistance 1, petrification resistance
a: Renounce Religion, Depart the Abyss, Bend Space


You were on level 5 of the Dungeon.
You worshipped Lugonu.
Lugonu was pleased with you.
You visited 1 branch of the dungeon, and saw 5 of its levels.
You visited the Abyss 1 time.

You collected 257 gold pieces.

Inventory:

Hand Weapons
 a - a +1 hand axe
 g - a +2 rapier of venom (weapon)
Missiles
 r - 8 poisoned darts (quivered)
Armour
 m - a +0 chain mail (worn)
Jewellery
 b - a ring of flight (left hand)
 h - an amulet of the acrobat (around neck)
Wands
 l - a wand of polymorph (6)
Scrolls
 f - a scroll of magic mapping
 j - a scroll of fog
 o - a scroll of teleportation
 q - a scroll of torment {unknown}
 t - 2 scrolls of identify
 u - a scroll of fear {unknown}
 v - a scroll of silence {unknown}
Potions
 c - 2 potions of might
 d - a potion of ambrosia
 e - 2 potions of brilliance
 i - a potion of resistance
 k - a potion of lignification {unknown}
 n - 3 potions of curing {unknown}
 p - a potion of berserk rage {unknown}
 s - a potion of attraction {unknown}
 w - a potion of invisibility {unknown}


   Skills:
 + Level 5.2 Fighting
 + Level 2.5 Short Blades
 + Level 4.5 Axes
 + Level 0.2 Throwing
 + Level 5.2 Armour
 + Level 1.8 Dodging
 + Level 2.0 Invocations


You had 6 spell levels left.
You didn't know any spells.
Your spell library contained the following spells:

 Spells                   Type           Power      Damage    Failure   Level
 Summon Small Mammal      Summ           0%         N/A       99%         1
 Blink                    Tloc           0%         N/A       99%         2
 Call Canine Familiar     Summ           0%         N/A       100%        3
 Lesser Beckoning         Tloc           0%         N/A       100%        3
 Ozocubu's Armour         Ice            0%         N/A       100%        3
 Summon Guardian Golem    Hex/Summ       0%         N/A       100%        3
 Manifold Assault         Tloc           0%         N/A       100%        5
 Metabolic Englaciation   Hex/Ice        0%         N/A       100%        5
 Simulacrum               Ice/Necr       0%         N/A       100%        6


Dungeon Overview and Level Annotations

Branches:
Dungeon (5/15)
 Temple: D:4-7

Altars:
Kikubaaqudgha

Shops:
D:1 (

Annotations:
D:4 2 transporters, Penntra's ghost, amateur SpEn


Innate Abilities, Weirdness & Mutations

You are immune to sickness and miasma.
Your stone body is resilient. (AC +4)
You are immune to poison.
You resist negative energy. (rN+)
You are resistant to electric shocks. (rElec)
You are resistant to unholy torment.
You are immune to petrification.


Message History

Things that are here:
a +0 club; a gnoll skeleton You now have 257 gold pieces (gained 11).
Things that are here:
a +0 leather armour; a +0 whip You see here a +0 dagger.
There is a stone staircase leading down here.
Items here: ) [ ÷÷.
w - a blue potion A jelly comes into view.
Found a stone staircase leading down.
The jelly moves out of view.
A jelly is nearby!
A jelly is nearby!
A jelly is nearby!
A jelly is nearby!
Found a scroll labelled MAUTOU COCU.
The jelly hits you but does no damage.
You hit the jelly.
Your hands burn!
The jelly is lightly wounded.
The jelly hits you but does no damage.
You puncture the jelly! The acid corrodes you!
Your hands burn!
The jelly is heavily wounded.
The jelly closely misses you.
You hit the jelly but do no damage. The acid corrodes you!
Your hands burn!
You punch the jelly.
The jelly is heavily wounded.
The jelly hits you but does no damage.
You hit the jelly.
Your hands burn!
The jelly is severely wounded.
The jelly barely misses you.
You hit the jelly. The acid corrodes you!
Your hands burn!
The jelly is severely wounded.
The jelly hits you.
You are splashed with acid!
* * * LOW HITPOINT WARNING * * *
You hit the jelly but do no damage.
Your hands burn!
* * * LOW HITPOINT WARNING * * *
The jelly is severely wounded.
The jelly hits you.
* * * LOW HITPOINT WARNING * * *
You are splashed with acid!
You die...

...###.#.###.#
#.....#. #.# #......
##.# #....####..##
#...........#
##...........# ####
#............# ##...
#.#.#.####.#####....
#..@..# #.# #.....
#..J..## #.# #.....
......#.##
#.####..... ####....#
#.##....... #...###
#[#........ #...>
#.>........ #?#.
.................
#...
#######..........
.########............


You could see a jelly.

Vanquished Creatures
  Sigmund (D:2)
  An ice beast (D:4)
  A bullfrog (D:4)
  2 hounds
  An orc priest (D:5)
  A gnoll shaman (D:5)
  Jessica (D:2)
  2 iguanas (D:4)
  3 orc wizards
  3 gnolls
  5 adders
  An ufetubus (D:4)
  A worm (D:3)
  A dart slug (D:4)
  18 orcs
  4 ball pythons (D:1)
  3 bats
  8 endoplasms
  3 giant cockroaches
  5 hobgoblins
  2 jackals (D:2)
  3 quokkas
  3 frilled lizards
  12 goblins
  6 kobolds
  8 rats
99 creatures vanquished.

Notes
Turn   | Place    | Note
-------+----------+-------------------------------------------
     0 | Abyss:1  | Gargoyl the Gargoyle Abyssal Knight began the quest for the
                  | Orb.
     0 | Abyss:1  | Reached XP level 1. HP: 14/14 MP: 2/2
     0 | D:1      | Escaped the Abyss
   271 | D:1      | Reached XP level 2. HP: 18/20 MP: 3/3
   499 | D:1      | Found a faded altar of an unknown god.
   500 | D:1      | Noticed an eye of devastation
   514 | D:1      | Noticed an eye of devastation
   523 | D:1      | Noticed a shining eye
   556 | D:1      | Reached * piety under Lugonu
   807 | D:1      | Found Suaseite's Antique Weapon Boutique.
   852 | D:1      | Noticed a floating eye
   875 | D:1      | Reached XP level 3. HP: 24/24 MP: 4/4
  1152 | D:2      | Noticed Sigmund
  1444 | D:3      | Reached skill level 1 in Dodging
  2043 | D:3      | Reached XP level 4. HP: 25/29 MP: 5/5
  2891 | D:5      | Entered Level 5 of the Dungeon
  2901 | D:5      | Reached ** piety under Lugonu
  2902 | D:5      | Reached XP level 5. HP: 32/34 MP: 6/6
  3215 | D:4      | Found a transporter.
  3217 | D:4      | Found a transporter.
  3217 | D:4      | Noticed an ogre
  3217 | D:4      | Noticed an ogre
  3217 | D:4      | Noticed Penntra's ghost (amateur SpEn)
  3271 | D:4      | Reached XP level 6. HP: 26/39 MP: 7/7
  3748 | D:4      | Noticed an ice beast
  3763 | D:4      | Killed an ice beast
  3764 | D:4      | Reached skill level 5 in Fighting
  3764 | D:4      | Reached XP level 7. HP: 44/44 MP: 8/8
  3785 | D:4      | Reached skill level 1 in Short Blades
  4436 | D:5      | Found an ancient bone altar of Kikubaaqudgha.
  4698 | D:2      | Killed Sigmund
  5310 | D:2      | Noticed Jessica
  5321 | D:2      | Killed Jessica
  5966 | D:5      | Reached skill level 5 in Armour
  6359 | D:5      | Splashed by a jelly's acid

Illustrated notes

Levels and vault maps discovered:
D:1:      dpeg_arrival_ratfight, layout_rooms, serial_shops, shop,
          hellmonk_ecumenical_altar_watching_god, minmay_box_of_dots
D:2:      layout_basic, uniq_sigmund, uniq_jessica
D:3:      kennysheep_six_static_rooms, layout_basic
D:4:      layout_layer_cave, gammafunk_ghost_smash, kennysheep_generic_room_4
D:5:      layout_rooms, kennysheep_mini, lemuel_crystal_altar

Skill      XL: |  1  2  3  4  5  6  7 |
---------------+----------------------+-----
Fighting       | 4 5 |  5.2
Axes           | 2 3 4 |  4.5
Dodging        | 1 |  1.8
Armour         | 3 4 5 |  5.2
Short Blades   | 2 |  2.5
Throwing       | |  0.2
Invocations    | |  2.0

Action                   |  1- 3 |  4- 6 |  7- 9 || total
-------------------------+-------+-------+-------++-------
Melee: Hand axe          |   135 |    97 |       ||   232
       Punch             |     2 |       |     2 ||     4
       Rapier            |       |    44 |    81 ||   125
Throw: Dart              |     2 |       |       ||     2
Invok: Depart the Abyss  |     1 |       |       ||     1
  Use: Scroll            |     3 |     7 |     1 ||    11
Armor: Leather armour    |    42 |       |       ||    42
       Scale mail        |    23 |     1 |       ||    24
       Chain mail        |       |    98 |    46 ||   144
Dodge: Dodged            |   103 |    80 |    72 ||   255

Table legend: (Time is in decaauts)
 A = Elapsed time spent in this place.
 B = Non-inter-level travel time spent in this place.
 C = Inter-level travel time spent in this place.
 D = Time resting spent in this place.
 E = Time spent auto-exploring this place.
 F = Levels seen in this place.
 G = Mean time per level.
                   A        B        C        D        E       F      G
               +--------+--------+--------+--------+--------+-----+--------+
         Total |   6422 |   6183 |    239 |    724 |   4347 |   6 | 1070.3 |
       Dungeon |   6422 |   6183 |    239 |    724 |   4347 |   5 | 1284.4 |
         Abyss |      0 |      0 |      0 |      0 |      0 |   1 |    0.0 |
               +--------+--------+--------+--------+--------+-----+--------+

Top non-repeatable levels by time:
     D:4: 2126 daAuts
     D:3: 1391 daAuts
     D:2: 1307 daAuts
     D:1: 941 daAuts
     D:5: 655 daAuts
